 Dungeon Crawl Stone Soup version 0.28.0-53-g5a82cb258f (webtiles) character file.

Game seed: 13999141922984883196

23 Zeld the Gusty (level 3, 19/19 HPs)
             Began as a Tengu Air Elementalist on June 14, 2022.
             Quit the game on level 1 of the Dungeon.
             The game lasted 00:00:53 (1295 turns).

Zeld the Gusty (Tengu Air Elementalist)             Turns: 1295, Time: 00:00:54

Health: 19/19      AC:  2    Str: 10    XL:     3   Next: 0%
Magic:  7/7        EV: 27    Int: 15    God:
Gold:   43         SH:  0    Dex: 14    Spells: 4/7 levels left

rFire   . . .      SeeInvis .   d - +2 short sword (venom)
rCold   . . .      Faith    .   (no shield)
rNeg    . . .      Spirit   .   a - +0 robe
rPois   .          Reflect  .   (helmet restricted)
rElec   .          Harm     .   (no cloak)
rCorr   .          Rampage  .   (no gloves)
Will    .....                   (boots unavailable)
Stlth   ++........              c - amulet of the acrobat
HPRegen 0.06/turn               (no ring)
MPRegen 0.10/turn               (no ring)

@: acrobatic
A: beak, talons 3
a: no special abilities


You were on level 1 of the Dungeon.
You visited 1 branch of the dungeon, and saw 1 of its levels.

You collected 43 gold pieces.

Inventory:

Hand Weapons
 d - a +2 short sword of venom (weapon)
Armour
 a - a +0 robe (worn)
Jewellery
 c - an amulet of the acrobat (around neck)
Scrolls
 e - a scroll of vulnerability {unknown}
Potions
 b - a potion of curing {unknown}


   Skills:
 - Level 2.1 Dodging
 - Level 2.0 Stealth
 * Level 2.5 Spellcasting
 + Level 2.0 Conjurations
 * Level 4.6 Air Magic


You had 4 spell levels left.
You knew the following spells:

 Your Spells              Type           Power      Damage    Failure   Level
a - Shock                 Conj/Air       44%        1d5       5%          1
b - Static Discharge      Conj/Air       11%        N/A       9%          2

Your spell library contained the following spells:

 Spells                   Type           Power      Damage    Failure   Level
 Swiftness                Air            15%        N/A       10%         3
 Animate Skeleton         Necr           2%         N/A       22%         1
 Apportation              Tloc           2%         N/A       22%         1
 Summon Small Mammal      Summ           4%         N/A       22%         1
 Airstrike                Air            7%         N/A       30%         4


Dungeon Overview and Level Annotations

Branches:
Dungeon (1/15)

Altars:


Innate Abilities, Weirdness & Mutations

You have a beak for a mouth.
You have claws for feet.


Message History

Unknown command.
You closely miss the jackal. You claw the jackal, but do no damage.
The jackal is severely wounded.
You kill the jackal!
Key pressed, stopping explore.
No target in view!
You see here a jackal corpse.
A quokka comes into view.
A quokka is nearby!
A quokka is nearby!
You hit the quokka but do no damage.
The quokka is poisoned.
You claw the quokka.
The quokka is heavily wounded.
The quokka barely misses you. The quokka misses you.
You barely miss the quokka. Your peck misses the quokka.
The quokka is heavily wounded.
The quokka barely misses you.
You hit the quokka.
You kill the quokka!
Key pressed, stopping explore.
No target in view!
A goblin comes into view. It is wielding a +0 dagger.
The goblin shouts!
A goblin is nearby!
A goblin is nearby!
The goblin hits you but does no damage.
You hit the goblin. You punch the goblin.
The goblin is severely wounded.
The goblin hits you with a +0 dagger.
You hit the goblin.
You kill the goblin!
You have reached level 3!
Your experience leads to an increase in your attributes!
Increase (S)trength, (I)ntelligence, or (D)exterity?
You feel stronger. x2
HP restored.
You see here a +0 dagger.
Found a short glowing staff.
A goblin comes into view. It is wielding a +0 club.
Are you sure you want to abandon this character and quit the game? (Confirm with "yes".)

#######
#≈#######≈# #...
#≈≈≈≈≈≈≈≈≈## #...
#...)....#######
###.###...........
#.....#.##.#######
#.#.#.#.##.#
#.#...#.##.#
#.#####.##.. #@#
#.#### #|...g..#
#########


You could see a goblin (asleep).

Vanquished Creatures
  A dart slug (D:1)
  An endoplasm (D:1)
  A giant cockroach (D:1)
  A goblin (D:1)
  4 jackals (D:1)
  5 kobolds (D:1)
  2 quokkas (D:1)
  A ball python (D:1)
  2 bats (D:1)
  A rat (D:1)
19 creatures vanquished.

Notes
Turn   | Place    | Note
-------+----------+-------------------------------------------
     0 | D:1      | Zeld the Tengu Air Elementalist began the quest for the
                  | Orb.
     0 | D:1      | Reached XP level 1. HP: 10/10 MP: 4/4
   511 | D:1      | Reached XP level 2. HP: 12/15 MP: 0/6
   571 | D:1      | Learned a level 2 spell: Static Discharge
  1256 | D:1      | Reached XP level 3. HP: 17/19 MP: 7/7
  1295 | D:1      | Quit the game

Illustrated notes

Levels and vault maps discovered:
D:1:      saegor_arrival_fortress, layout_basic

Skill      XL: |  1  2 |
---------------+-------+-----
Conjurations   | 2 |  2.0
Dodging        | |  2.1
Stealth        | |  2.0
Spellcasting   | |  2.5
Air Magic      | |  4.6

Action                   || total
-------------------------++-------
Melee: Peck              ||     2
       Unarmed           ||     1
       Short sword       ||    11
       Kick              ||     3
       Punch             ||     2
 Cast: Shock             ||    35
Armor: Robe              ||     2
Dodge: Dodged            ||     6
